 Dungeon Crawl Stone Soup version 0.27.1 (webtiles) character file.

Game seed: 855640761633718735

29189 moritonal the Marksminotaur (level 13, 0/118 HPs)
             Began as a Minotaur Hunter on Aug 23, 2021.
             Was a Priest of Ashenzari.
             Killed from afar by a deep elf zephyrmancer (26 damage)
             ... with a bolt of lightning
             ... on level 1 of the Elven Halls.
             The game lasted 00:33:45 (26056 turns).

moritonal the Marksminotaur (Minotaur Hunter)      Turns: 26056, Time: 00:33:46

Health: 0/118      AC: 16    Str: 22    XL:     13   Next: 13%
Magic:  21/21      EV: 10    Int:  8    God:    Ashenzari [***...]
Gold:   398        SH:  0    Dex: 11    Spells: 12/12 levels left

rFire    + . .     SeeInvis +   a - +8 longbow of Ashenzari's Scepticism {vorpal, Cun, Melee} (curse)
rCold    x . .     Faith    .   (shield currently unavailable)
rNeg     . . .     Spirit   .   s - +1 chain mail of Ashenzari's Foul Odors {Range, Alch} (curse)
rPois    .         Reflect  .   (helmet restricted)
rElec    .         Harm     .   g - +1 cloak of the Cursed Sun {Fort, Bglg} (curse)
rCorr    .         Rampage  .   (no gloves)
Will     .....     Clarity  +   (no boots)
Stlth    ..........             (no amulet)
HPRegen  0.29/turn              z - ring of the Elysian Sage {Fire, Range, Bglg} (curse)
MPRegen  0.17/turn              C - ring of magical power

@: studying Bows
A: horns 2, retaliatory headbutt
a: Renounce Religion, Shatter the Chains


You were on level 1 of the Elven Halls.
You worshipped Ashenzari.
Ashenzari was most pleased with you.
You visited 3 branches of the dungeon, and saw 14 of its levels.
You also visited: Ossuary.

You collected 1598 gold pieces.
You spent 1200 gold pieces at shops.

Inventory:

Hand Weapons
 a - the cursed +8 longbow of Ashenzari's Scepticism (weapon) {vorpal, Cun, Melee}
   (You acquired it on level 4 of the Dungeon)

   Any ammunition fired from it inflicts extra damage upon your enemies.
   It has a curse which improves the following skills: Cunning: Dodging and
   Stealth.
   Melee Combat: Short Blades, Long Blades, Axes, Maces & Flails, Polearms,
   Staves and Unarmed Combat.
 b - the +4 mace "Dragonbane" {spect, rF+ rN+ Str+8}
   (You found it on level 6 of the Dungeon)

   When its wielder attacks, the weapon's spirit leaps out and strikes again.
   The spirit shares a part of any damage it takes with its wielder.
   Str:       It affects your strength (+8).
   rF:        It protects you from fire.
   rN:        It protects you from negative energy.
 c - a +2 dagger of speed
 n - a +1 great sword of electrocution
 q - a +2 scimitar of flaming
Missiles
 j - 73 arrows (quivered ammo)
 k - 7 silver javelins
 m - a throwing net
Armour
 g - the cursed +1 cloak of the Cursed Sun (worn) {Fort, Bglg}
   (You found it on level 1 of the Dungeon)

   It has a curse which improves the following skills: Fortitude: Armour and
   Shields.
   Beguiling: Conjurations, Hexes and Translocations.
 s - the cursed +1 chain mail of Ashenzari's Foul Odors (worn) {Range, Alch}
   (You found it on level 8 of the Dungeon)

   It has a curse which improves the following skills: Ranged Combat: Slings,
   Bows, Crossbows and Throwing.
   Alchemy:   Poison Magic and Transmutations.
Jewellery
 z - the cursed ring of the Elysian Sage (left hand) {Fire, Range, Bglg}
   (You took it off an orc on level 9 of the Dungeon)

   [ring of fire]

   It enhances your fire magic.
   rF:        It protects you from fire.
   rC:        It makes you vulnerable to cold.
   It has a curse which improves the following skills: Ranged Combat: Slings,
   Bows, Crossbows and Throwing.
   Beguiling: Conjurations, Hexes and Translocations.
 C - a ring of magical power (right hand)
Wands
 i - a wand of flame (34)
 v - a wand of charming (8)
 w - a wand of iceblast (4)
 A - a wand of mindburst (14)
Scrolls
 f - 7 scrolls of identify
 u - 3 scrolls of torment
 x - 2 scrolls of magic mapping
Potions
 d - 2 potions of brilliance
 e - a potion of invisibility
 h - 3 potions of cancellation
 l - 4 potions of lignification
 p - 8 potions of flight
 r - 3 potions of resistance
 B - a potion of haste
 E - a potion of might


   Skills:
 + Level 12.1 Fighting
 + Level 1.2(2.4) Short Blades
 + Level 18.8(21.0) Bows
 + Level 11.8(13.4) Armour
 + Level 4.6(6.4) Dodging
 + Level 2.3(3.9) Stealth
 + Level 0.8 Evocations


You had 12 spell levels left.
You didn't know any spells.
Your spell library contained the following spells:

 Spells                   Type           Power      Damage    Failure   Level
 Magic Dart               Conj           0%         1d3       88%         1
 Beastly Appendage        Tmut           0%         N/A       90%         1
 Foxfire                  Conj/Fire      0%         2x1d4     90%         1
 Freeze                   Ice            0%         1d3       91%         1
 Pain                     Necr           0%         1d4       91%         1
 Call Imp                 Summ           0%         N/A       97%         2
 Wereblood                Tmut           0%         N/A       97%         2
 Conjure Flame            Conj/Fire      0%         6-21      99%         3
 Dazzling Flash           Conj/Hex       0%         N/A       99%         3
 Ignite Poison            Fire/Tmut/Pois 0%         N/A       99%         3
 Inner Flame              Hex/Fire       0%         N/A       99%         3
 Mephitic Cloud           Conj/Pois/Air  0%         N/A       99%         3
 Spider Form              Tmut/Pois      0%         N/A       99%         3
 Frozen Ramparts          Ice            0%         1d2       100%        3
 Cause Fear               Hex            0%         N/A       100%        4
 Hailstorm                Conj/Ice       0%         3d3       100%        4
 Iskenderun's Mystic Bla  Conj/Tloc      0%         2d3       100%        4
 Sticky Flame             Conj/Fire      0%         2d3       100%        4
 Agony                    Necr           0%         N/A       100%        5
 Excruciating Wounds      Necr           0%         N/A       100%        5
 Freezing Cloud           Conj/Ice/Air   0%         6-21      100%        5
 Simulacrum               Ice/Necr       0%         N/A       100%        6
 Starburst                Conj/Fire      0%         6d3       100%        6
 Discord                  Hex            0%         N/A       100%        8
 Polar Vortex             Ice            0%         N/A       100%        9


Dungeon Overview and Level Annotations

Branches:
Dungeon (11/15)            Temple (0/1) D:5            Lair (0/6) D:11
    Orc (2/2) D:11            Elf (1/3) Orc:2       Ossuary (visited)

Altars:
Ashenzari
Dithmenos
Fedhas
Gozag
Hepliaklqana
Makhleb
Nemelex Xobeh
Okawaru
Trog
Uskayaw
Wu Jian
Xom
Yredelemnul
Zin
Beogh

Shops:
Orc:2 (!![?


Innate Abilities, Weirdness & Mutations

You have a pair of horns on your head.
You reflexively headbutt those who attack you in melee.


Message History

You shoot an arrow. The arrow hits the fire elemental!
The fire elemental is almost destroyed.
You shoot an arrow. The arrow hits the fire elemental!
You destroy the fire elemental!
The fire elemental hits you. The fire elemental burns you! You resist.
The +4 long sword of holy wrath hits you.
You shoot an arrow.
The arrow closely misses the fire elemental.
The arrow closely misses the deep elf archer.
The arrow hits the deep elf pyromancer!!
You kill the deep elf pyromancer!
The fire elemental disappears in a puff of smoke! x2
The +4 long sword of holy wrath hits you.
The deep elf archer unwields a +0 short sword.
The deep elf archer wields a +0 longbow.
The deep elf archer shoots an arrow.
The arrow hits you!
The deep elf archer is engulfed in blazing flames.
The deep elf archer unwields a +0 short sword.
The deep elf archer wields a +0 shortbow.
The deep elf archer shoots an arrow.
The arrow misses you.
You shoot an arrow.
The arrow hits the +4 long sword of holy wrath!
The +4 long sword of holy wrath is severely damaged.
The +4 long sword of holy wrath hits you!
You shoot an arrow.
The arrow hits the +4 long sword of holy wrath.
The +4 long sword of holy wrath is severely damaged.
The +4 long sword of holy wrath barely misses you.
You furiously retaliate!
You headbutt the +4 long sword of holy wrath.
The deep elf archer shoots an arrow.
The arrow hits you!
The deep elf archer is engulfed in blazing flames.
The deep elf archer shoots an arrow.
The arrow hits you!
The deep elf zephyrmancer points at you and mumbles some strange words.
The bolt of lightning hits the +4 long sword of holy wrath.
The +4 long sword of holy wrath completely resists.
The bolt of lightning hits you!!
* * * LOW HITPOINT WARNING * * *
The bolt of lightning hits you!!
You die...

........#.#.#########.####)
##.......###)...# #.# #.
#......# ##.#.# #.# #. , ,
##..###.###.## # #.####. ,
#..####.#.## #....## ,
...........# ######⌠ , ##
.######.##*, #. ,
###...##.# ** * ##
#..@(....# , , ,*
#..§.e...# * ** *
.....e°.....# , * ,
####..°......# ,*
#.(...°°...# * ##......e..#
, * ........(.. * ,,
..)......$ *


You could see 2 deep elf archers, a deep elf zephyrmancer and a +4 long sword of
holy wrath.

Vanquished Creatures
  A hydra (D:8)
  A two-headed ogre (D:11)
  A dancing weapon (Elf:1)
  3 orc high priests (Orc:2)
  3 deep elf pyromancers (Elf:1)
  4 orc knights (Orc:2)
  3 deep elf zephyrmancers (Elf:1)
  A manticore (D:11)
  6 orc sorcerers (Orc:2)
  2 cyclopes
  Joseph (D:7)
  Maggie (D:6)
  2 hellwings (D:7)
  5 trolls
  Grinder (D:4)
  2 hornets
  A meliai zombie (D:8)
  A shadow (D:9)
  Sigmund (D:6)
  7 air elementals (Elf:1)
  4 wyverns
  2 wraiths (D:11)
  2 fire elementals (Elf:1)
  10 yaks (D:10)
  Menkaure (D:4)
  An acid dragon (D:10)
  7 wargs
  A water moccasin (D:6)
  Duvessa (D:6)
  13 orc warriors
  2 sky beasts
  An ice beast (D:5)
  9 ogres
  7 centaurs
  A necrophage (D:4)
  3 bullfrogs
  2 gnoll sergeants
  3 scorpions
  A water moccasin zombie (D:5)
  Dowan (D:6)
  A water moccasin skeleton (D:5)
  6 killer bees (D:8)
  A howler monkey (D:5)
  5 wights
  11 centaur zombies
  3 centaur skeletons
  A bullfrog skeleton (D:5)
  A gnoll shaman (D:7)
  A jelly (D:3)
  16 orc priests
  3 hounds (D:5)
  5 iguanas
  22 orc wizards
  A killer bee zombie (D:7)
  2 hound zombies (D:3)
  8 mummies (Ossuary)
  A howler monkey zombie (D:11)
  9 adders
  12 gnolls
  2 shadow imps
  An ufetubus (D:5)
  3 worms
  4 dart slugs
  50 orcs
  5 endoplasms
  2 giant cockroaches (D:3)
  6 goblins
  11 hobgoblins
  3 jackals (D:1)
  3 quokkas
  3 training dummies (Orc:2)
  10 ball pythons
  6 bats
  A frilled lizard (D:1)
  2 gnoll zombies (Ossuary)
  6 kobolds
  3 kobold zombies (Ossuary)
  3 orc zombies (Ossuary)
  2 quokka zombies (D:3)
  5 rats
359 creatures vanquished.

Vanquished Creatures (collateral kills)
  A wight (D:7)
  2 shadow imps (D:7)
3 creatures vanquished.

Vanquished Creatures (others)
  A dancing weapon (Elf:1)
  A plant (D:4)
  13 withered plants (D:7)
15 creatures vanquished.

Grand Total: 377 creatures vanquished

Notes
Turn   | Place    | Note
-------+----------+-------------------------------------------
     0 | D:1      | moritonal the Minotaur Hunter began the quest for the Orb.
     0 | D:1      | Reached XP level 1. HP: 18/18 MP: 0/0
  1638 | D:1      | Reached XP level 2. HP: 25/25 MP: 1/1
  2306 | D:1      | Reached skill level 5 in Bows
  2563 | D:2      | Reached XP level 3. HP: 30/30 MP: 2/2
  2793 | D:2      | Reached skill level 1 in Armour
  3084 | D:2      | Reached XP level 4. HP: 37/37 MP: 3/3
  3106 | D:2      | Found a broken altar of Ashenzari.
  3676 | D:2      | Became a worshipper of Ashenzari the Shackled
  3728 | D:3      | Found a shimmering altar of Xom.
  3801 | D:3      | Reached skill level 1 in Short Blades
  3801 | D:3      | Reached skill level 6 in Bows
  3806 | D:3      | Reached XP level 5. HP: 42/42 MP: 4/4
  3809 | D:3      | Found a faded altar of an unknown god.
  3855 | D:3      | Found a hide-covered altar of Uskayaw.
  3861 | D:3      | Found a hazy altar of Hepliaklqana.
  4028 | D:3      | Reached * piety under Ashenzari
  4151 | D:3      | Found an iron altar of Okawaru.
  4452 | D:3      | Found a basalt altar of Yredelemnul.
  4634 | D:4      | Noticed Grinder
  4641 | D:4      | Paralysed by Grinder for 6 turns
  4660 | D:4      | Killed Grinder
  4661 | D:4      | Reached skill level 7 in Bows
  4661 | D:4      | Reached XP level 6. HP: 33/52 MP: 5/5
  4698 | D:4      | Found a sand-covered staircase.
  4703 | Ossuary  | Entered an ossuary
  4852 | Ossuary  | Reached XP level 7. HP: 29/59 MP: 6/6
  5272 | Ossuary  | Reached ** piety under Ashenzari
  5333 | Ossuary  | Identified a scroll of acquirement
  5466 | D:4      | Reached skill level 1 in Stealth
  5575 | D:4      | Found a blossoming altar of Fedhas.
  5627 | D:4      | Reached skill level 8 in Bows
  5788 | D:4      | Noticed Menkaure
  5798 | D:4      | Killed Menkaure
  6205 | D:4      | Acquired a +7 vorpal longbow
  6214 | D:5      | Entered Level 5 of the Dungeon
  6371 | D:5      | Found a burning altar of Makhleb.
  6497 | D:5      | Reached skill level 9 in Bows
  6509 | D:5      | Reached skill level 5 in Fighting
  6509 | D:5      | Reached XP level 8. HP: 35/68 MP: 7/7
  7074 | D:5      | Noticed a hornet
  7083 | D:5      | Killed a hornet
  7084 | D:5      | Reached skill level 10 in Bows
  7084 | D:5      | Reached skill level 5 in Armour
  7159 | D:5      | Found a sparkling altar of Nemelex Xobeh.
  7430 | D:5      | Found a staircase to the Ecumenical Temple.
  7587 | D:6      | Identified the +4 mace "Dragonbane" {spect, rF+ rN+ Str+8}
  7608 | D:6      | Reached XP level 9. HP: 66/78 MP: 8/8
  7662 | D:6      | Found a bloodstained altar of Trog.
  7815 | D:6      | Reached skill level 11 in Bows
  8046 | D:6      | Noticed Maggie
  8052 | D:6      | Killed Maggie
  8230 | D:6      | Noticed Sigmund
  8232 | D:6      | Killed Sigmund
  8233 | D:6      | Noticed Dowan
  8234 | D:6      | Noticed Duvessa
  8237 | D:6      | Killed Dowan
  8247 | D:6      | Killed Duvessa
  9113 | D:7      | Noticed Joseph
  9119 | D:7      | Killed Joseph
  9120 | D:7      | Reached skill level 12 in Bows
  9576 | D:7      | Found a glowing silver altar of Zin.
  9703 | D:7      | Reached XP level 10. HP: 81/86 MP: 9/9
  9766 | D:7      | Found an ornate altar of the Wu Jian Council.
  9805 | D:7      | Reached skill level 13 in Bows
 11746 | D:8      | Reached skill level 14 in Bows
 11746 | D:8      | Found an opulent altar of Gozag.
 11778 | D:8      | Noticed a four-headed hydra
 11785 | D:8      | Killed a four-headed hydra
 11789 | D:8      | Reached XP level 11. HP: 82/97 MP: 10/10
 11998 | D:8      | Found a shadowy altar of Dithmenos.
 20156 | D:10     | Entered Level 10 of the Dungeon
 20253 | D:10     | Identified the +4 short sword of Theory {venom, Int+6
                  | Dex-2}
 20494 | D:10     | Reached skill level 10 in Armour
 21091 | D:11     | Identified the +0 leather armour "Aqomuob" {Str+4}
 21096 | D:11     | Found a staircase to the Orcish Mines.
 21195 | D:11     | Reached skill level 15 in Bows
 21297 | D:11     | Noticed a two-headed ogre
 21303 | D:11     | Killed a two-headed ogre
 21379 | D:11     | Found a staircase to the Lair.
 21420 | D:11     | Reached skill level 10 in Fighting
 22384 | Orc:1    | Entered Level 1 of the Orcish Mines
 22535 | Orc:1    | Reached XP level 12. HP: 106/106 MP: 11/11
 23125 | Orc:2    | Entered Level 2 of the Orcish Mines
 23290 | Orc:2    | Reached skill level 16 in Bows
 23300 | Orc:2    | Noticed an orc high priest
 23306 | Orc:2    | Found Wucoiz's Firing Range.
 23743 | Orc:2    | Bought a manual of Bows for 1200 gold pieces
 23772 | Orc:2    | Paralysed by an orc sorcerer for 2 turns
 23964 | Orc:2    | Found a staircase to the Elven Halls.
 23974 | Orc:2    | Killed an orc high priest
 24064 | Orc:2    | Noticed an orc high priest
 24070 | Orc:2    | Killed an orc high priest
 24071 | Orc:2    | Reached skill level 17 in Bows
 24300 | Orc:2    | Found Kavy's Magic Scroll Shop.
 24301 | Orc:2    | Noticed an orc high priest
 24303 | Orc:2    | Killed an orc high priest
 24309 | Orc:2    | Paralysed by an orc sorcerer for 3 turns
 24319 | Orc:2    | Reached skill level 18 in Bows
 24583 | Orc:2    | Found Okyst's Distillery.
 24630 | Orc:2    | Found Qucles's Distillery.
 24632 | Orc:2    | Found Asumun's Antique Armour Shop.
 24930 | Elf:1    | Entered Level 1 of the Elven Halls
 24932 | Elf:1    | Paralysed by an air elemental for 1 turns
 24936 | Elf:1    | Paralysed by an air elemental for 1 turns
 24941 | Elf:1    | Paralysed by an air elemental for 1 turns
 24948 | Elf:1    | Paralysed by an air elemental for 1 turns
 25265 | Elf:1    | Paralysed by an air elemental for 1 turns
 25271 | Elf:1    | Paralysed by an air elemental for 1 turns
 25275 | Elf:1    | Paralysed by an air elemental for 1 turns
 25391 | Elf:1    | Reached XP level 13. HP: 50/117 MP: 12/12
 25828 | Elf:1    | Reached *** piety under Ashenzari
 26017 | Elf:1    | Paralysed by an air elemental for 1 turns
 26056 | Elf:1    | Killed from afar by a deep elf zephyrmancer

Illustrated notes

Levels and vault maps discovered:
D:1:      onia_arrival_pyramid, layout_basic, minmay_stone_trees_small
D:2:      layout_basic, basic_altar, kennysheep_generic_room_9
D:3:      layout_loops_ring, mainiacjoe_overflow_small_starburst,
          okawaru_gym_becter, nicolae_yredelemnul_corpse_copse,
          chequers_temple_overflow_statue_of_worship,
          hellmonk_ecumenical_altar_arch_garden, grunt_ministairs_1
D:4:      layout_basic, fedhas_altar_1, enter_ossuary_5, uniq_grinder,
          uniq_menkaure
D:5:      minmay_skewed_foursquare, layout_gridville,
          nemelex_spade_bored_becter, kennysheep_mini_moat, temple_green,
          gup_sewer_entry_spiral, minmay_misc_feat_four_crosses, minivault_14
D:6:      layout_basic, trog_three_pillars_becter, uniq_duvessa, uniq_maggie,
          uniq_sigmund
D:7:      cheibrodos_grave_circle, layout_basic, zin_treasury,
          mainiacjoe_overflow_six_doors_small, minmay_misc_feat_alley,
          uniq_joseph
D:8:      layout_loops_corners, grunt_dithmenos_smoke_and_mirrors,
          mainiacjoe_overflow_catwalk
D:9:      layout_loops_cross
D:10:     layout_basic
D:11:     layout_gridville, erik_lair_orcish_takeover, david_orc_2
Orc:1:    cheibrodos_orc_guarddog, layout_caves, mines1_david
Orc:2:    st_orc_elflike, layout_caves, basic_altar, nicolae_shop_firing_range
Elf:1:    nicolae_elf_arrival_aired_out, layout_loops_ring, enter_trove_6,
          serial_shops, nicolae_shop_waterfront,
          hangedman_elven_crosses_minicolossus, uniq_jorgrun

Skill      XL: |  1  2  3  4  5  6  7  8  9 10 11 12 13 |
---------------+----------------------------------------+-----
Bows           | 5 6 7 9 10 12 14 15 18 | 18.8
Armour         | 1 2 3 4 5 7 8 10 11 | 11.8
Short Blades   | 1 |  1.2
Fighting       | 3 4 5 6 7 9 10 11 12 | 12.1
Dodging        | 3 4 |  4.6
Stealth        | 1 2 |  2.3
Evocations     | |  0.8

Action                   |  1- 3 |  4- 6 |  7- 9 | 10-12 | 13-15 || total
-------------------------+-------+-------+-------+-------+-------++-------
Melee: Dagger            |     3 |    31 |       |       |       ||    34
       Headbutt          |       |     8 |       |     5 |       ||    13
       Shortbow          |       |     6 |       |       |       ||     6
       Mace              |       |       |     6 |       |       ||     6
       Longbow           |       |       |       |    15 |       ||    15
 Fire: Shortbow          |    89 |   176 |    55 |       |       ||   320
       Longbow           |       |       |   197 |   503 |    27 ||   727
Invok: Curse Item        |       |     1 |     3 |     1 |     1 ||     6
       Shatter the Chain |       |       |     1 |     1 |       ||     2
Evoke: Wand              |       |       |       |     5 |       ||     5
  Use: Scroll            |       |     4 |     5 |     7 |       ||    16
       Potion            |       |     1 |       |     8 |       ||     9
Armor: Leather armour    |     6 |     1 |       |       |       ||     7
       Chain mail        |       |    52 |    77 |   174 |     3 ||   306
Dodge: Dodged            |    21 |    50 |    54 |   131 |     2 ||   258
